 Dungeon Crawl Stone Soup version 0.19-a0-27-g415f530 (webtiles) character file.

786 M4edhros the Martial Artist (level 7, -1/45 HPs)
             Began as a Vampire Monk on May 1, 2016.
             Slain by a white imp (2 damage)
             ... summoned by Eustachio
             ... on level 5 of the Dungeon.
             The game lasted 00:04:05 (771 turns).

M4edhros the Martial Artist (Vampire Monk)           Turns: 771, Time: 00:04:06

Health: -1/45      AC: 12    Str: 15    XL:     7   Next: 56%
Magic:  7/7        EV: 12    Int: 12    God:
Gold:   97         SH:  0    Dex: 17    Spells: 0 memorised, 6 levels left

rFire  + . .     SeeInvis +       - Unarmed
rCold  + . .     Gourm    .     f - +0 ring mail {rC+}
rNeg   . . .     Faith    .     (no shield)
rPois  .         Spirit   .     (no helmet)
rElec  .         Dismiss  .     h - +0 cloak
rCorr  .         Reflect  .     e - +1 pair of gloves
SustAt .         Harm     .     (no boots)
MR     .....                    (no amulet)
Stlth  ++........               (no ring)
                                (no ring)

@: mighty, regenerating quickly, not resistant to hostile enchantments,
unstealthy
A: fangs 3, iridescent scales 1, see invisible, fire resistance 1, frail 1, weak
1, unbreathing, no device heal 1
a: no special abilities


You were on level 5 of the Dungeon.
You were very full.

You visited 1 branch of the dungeon, and saw 5 of its levels.

You collected 97 gold pieces.

Inventory:

Armour
 a - a +0 robe
 e - a +1 pair of gloves (worn)
 f - a +0 ring mail of cold resistance (worn)
 h - a +0 cloak (worn)
 i - a +0 leather armour
 j - a +0 ring mail
 m - a +0 chain mail
Scrolls
 c - a scroll of random uselessness {unknown}
 l - a scroll of remove curse {unknown}
 n - a scroll of fear {unknown}
 o - a scroll of recharging {unknown}
 p - a scroll of identify {unknown}
 q - a scroll of magic mapping {unknown}
 r - a scroll of amnesia {unknown}
 s - a scroll of teleportation {unknown}
Potions
 b - a potion of ambrosia {unknown}
 d - a potion of heal wounds {unknown}
 g - 7 potions of blood


   Skills:
 - Level 2.6 Fighting
 - Level 3.2 Dodging
 - Level 3.0 Stealth
 + Level 10.2 Unarmed Combat


You had 6 spell levels left.
You didn't know any spells.

Dungeon Overview and Level Annotations

Branches:
Dungeon (5/15)
 Temple: D:4-7

Altars:
Qazlal

Shops:
D:4 %

Annotations:
D:5 Eustachio


Innate Abilities, Weirdness & Mutations

Your natural rate of healing is unusually fast.
You have razor-sharp teeth.
You have supernaturally acute eyesight.
You can survive without breathing.
You are partially covered in iridescent scales (AC +4).
Your flesh is heat resistant.
You are frail (-10% HP).
You are weak. (Str -2)
Potions and wands are less effective at restoring your health.


Message History

Eustachio convulses!
Eustachio hits you but does no damage.
Read which item? (? for menu, Esc to quit)
Okay, then.
You pummel Menkaure!!
You destroy Menkaure!
Your Unarmed Combat skill increases to level 10!
The bat hits you but does no damage. x2; The bat misses you.
The white imp gestures at you. The puff of frost hits you! You resist.
* * * LOW HITPOINT WARNING * * *
The bat hits you but does no damage.
You closely miss Eustachio.
Eustachio is heavily wounded.
The bat hits you but does no damage. x2; Eustachio hits you with a falchion.
* * * LOW HITPOINT WARNING * * *
The bat completely misses you. The river rat misses you.
The white imp hits you.
* * * LOW HITPOINT WARNING * * *
The white imp freezes you. You resist.
You die...

.......%...#
#....##..?#
##....##...#
#..........#
#...<......#####
+..............#
##....##....!..#
#....##@..##..#
........@b.#
.......b.5r.#
.............#
..##.........#
#..".##...#
####+ #...#
#.... #.....


You could see Eustachio, a river rat, a white imp and 2 bats.

Vanquished Creatures
  Menkaure (D:5)
  The ghost of Gruesome the Insei, an amateur OpTm (D:3)
  3 ogres
  2 scorpions
  A giant frog zombie (D:5)
  A hound (D:4)
  A worker ant (D:5)
  Terence (D:3)
  A hound zombie (D:5)
  3 adders (D:3)
  5 worms
  A giant gecko (D:3)
  9 orcs
  2 giant cockroaches (D:2)
  4 goblins
  A hobgoblin (D:3)
  7 bats
  3 giant newts
  A jackal skeleton (D:4)
  A rat (D:2)
  A toadstool (D:1)
50 creatures vanquished.

Notes
Turn   | Place    | Note
--------------------------------------------------------------
     0 | D:1      | M4edhros the Vampire Monk began the quest for the Orb.
     0 | D:1      | Reached XP level 1. HP: 17/17 MP: 1/1
   177 | D:2      | Found a stormy altar of Qazlal.
   194 | D:2      | Reached XP level 2. HP: 23/23 MP: 2/2
   224 | D:2      | Reached skill level 5 in Unarmed Combat
   316 | D:3      | Reached XP level 3. HP: 25/28 MP: 3/3
   400 | D:3      | Noticed Gruesome's ghost (amateur OpTm)
   419 | D:3      | Killed Gruesome's ghost
   419 | D:3      | Reached skill level 7 in Unarmed Combat
   419 | D:3      | Reached XP level 4. HP: 22/34 MP: 4/4
   419 | D:3      | Reached XP level 5. HP: 26/39 MP: 5/5
   480 | D:3      | Noticed Terence
   494 | D:3      | Killed Terence
   522 | D:4      | Noticed an ogre
   589 | D:3      | Found a faded altar to an unknown god.
   593 | D:3      | Noticed an ogre
   600 | D:3      | Killed an ogre
   600 | D:3      | Reached skill level 8 in Unarmed Combat
   600 | D:3      | Reached XP level 6. HP: 46/46 MP: 6/6
   704 | D:4      | Found Fatrax's Food Shoppe.
   719 | D:4      | Reached skill level 9 in Unarmed Combat
   722 | D:4      | Reached XP level 7. HP: 13/51 MP: 7/7
   752 | D:5      | Entered Level 5 of the Dungeon
   758 | D:5      | Noticed Eustachio
   764 | D:5      | Noticed Menkaure
   767 | D:5      | Gained mutation: You are partially covered in iridescent scales (AC +4). [potion of mutation]
   767 | D:5      | Gained mutation: Your flesh is heat resistant. [potion of mutation]
   768 | D:5      | Gained mutation: You are frail (-10% HP). [potion of mutation]
   768 | D:5      | Gained mutation: Potions and wands are less effective at restoring your health. [potion of mutation]
   768 | D:5      | Gained mutation: You are weak. (Str -2) [potion of mutation]
   770 | D:5      | Killed Menkaure
   770 | D:5      | Reached skill level 10 in Unarmed Combat
   771 | D:5      | HP: 2/45 [Eustachio/falchion (6)]
   771 | D:5      | Slain by a white imp

Vault maps used:
D:1:      ldierk_water_garden
D:2:      minivault_24, grunt_qazlal_sundering
D:3:      ecumenical_altar_2, uniq_terence
D:4:      serial_shops, nicolae_shop_crystal, kennysheep_diamond
D:5:      first_bread, uniq_menkaure, uniq_eustachio

Skill      XL: |  1  2  3  4  5  6  7 |
---------------+----------------------+-----
Unarmed Combat | 5 7 8 9 10 | 10.2
Fighting       | |  2.6
Dodging        | |  3.2
Stealth        | |  3.0

Action                   |  1- 3 |  4- 6 |  7- 9 || total
-------------------------+-------+-------+-------++-------
Melee: Unarmed           |    77 |    72 |    11 ||   160
       Bite              |     4 |     9 |     2 ||    15
  Use: Potion            |     7 |     3 |     3 ||    13
 Stab: Sleeping          |     2 |       |       ||     2
Armor: Robe              |    10 |       |       ||    10
       Leather armour    |     7 |       |       ||     7
       Ring mail         |     2 |     6 |    14 ||    22
       Chain mail        |       |    18 |       ||    18
Dodge: Dodged            |    46 |    29 |    18 ||    93
